 Dungeon Sprint DCSS version 0.30-a0-782-ge64f9170bb (webtiles) character file.

Game seed: 8994247511236482715

13134 nuthulu the Peltast (level 12, -7/106 (111) HPs)
             Began as a Formicid Fighter on Feb 23, 2023.
             Was a High Priest of Wu Jian.
             Killed from afar by a jorogumo (21 damage)
             ... with a bolt of negative energy
             ... in the Dungeon (Sprint V: "Ziggurat Sprint").
             The game lasted 00:04:54 (783 turns).

nuthulu the Peltast (Formicid Fighter)               Turns: 783, Time: 00:04:54

HP:   -7/106 (111)  AC: 34    Str: 38    XL:     12   Next: 28%
MP:   12/12         EV:  3    Int:  8    God:    Wu Jian [*****.]
Gold: 0             SH:  0    Dex: 13    Spells: 11/11 levels left

rFire   . . .      SeeInvis +    C - +16 obsidian axe {drain, demonic, Mesm Drain Fly SInv}
rCold   . . .      Faith    .    B - +18 shield of the Gong {Loud rN+ Will+ rCorr EV-5}
rNeg    + . .      Spirit   .    A - +15 Maxwell's patent armour {-Cast -Tele rElec Will+ rCorr}
rPois   .          Reflect  .    (helmet unavailable)
rElec   +          Harm     .    (no cloak)
rCorr   +          Rampage  .    E - +0 pair of gloves {Stlth+}
Will    ++++.      NoCast   +    (no boots) Stlth
                                 J - amulet "Fotzeig" {RegenMP Will+}
HPRegen 0.37/turn                z - +6 ring of strength
MPRegen 0.53/turn                y - +6 ring of strength

@: lethally poisoned (-7 -> -63), spiked, in a heavenly storm, flying,
mesmerised, held, glowing, studying Short Blades, lightly drained
A: permanent stasis, dig shafts and tunnels, antennae 3, four strong arms
a: Dig, Renounce Religion, Wall Jump, Serpent's Lash, Heavenly Storm


You were in the Dungeon.
You worshipped Wu Jian.
Wu Jian was extremely pleased with you.
You visited 1 branch

Inventory:

Hand Weapons
 a - a +0 war axe
 C - the +16 obsidian axe (weapon) {drain, demonic, Mesm Drain Fly SInv}
   (You found it in the Dungeon)

   Mesm:      Its wielder is mesmerised by any visible foes, and it cannot be
   unequipped while any foes are visible.
   SInv:      It lets you see invisible.
   Fly:       It grants you flight.
   Drain:     It drains your maximum health when unequipped.
Armour
 b - a +0 scale mail
 c - a +0 buckler
 A - the +15 Maxwell's patent armour (worn) {-Cast -Tele rElec Will+ rCorr}
   (You found it in the Dungeon)

   rElec:     It insulates you from electricity.
   -Cast:     It prevents spellcasting.
   -Tele:     It prevents most forms of teleportation.
   rCorr:     It protects you from acid and corrosion.
   Will:      It increases your willpower.
 B - the +18 shield of the Gong (worn) {Loud rN+ Will+ rCorr EV-5}
   (You found it in the Dungeon)

   Loud:      It is deafeningly noisy when blocking attacks.
   EV:        It affects your evasion (-5).
   rN:        It protects you from negative energy.
   rCorr:     It protects you from acid and corrosion.
   Will:      It increases your willpower.
 E - a +0 pair of gloves of stealth (worn)
Jewellery
 t - a ring of flight
 u - a +6 ring of dexterity
 v - a +6 ring of dexterity
 w - a +6 ring of intelligence
 x - a +6 ring of intelligence
 y - a +6 ring of strength (right hand)
 z - a +6 ring of strength (left hand)
 F - the ring of the Leaf {rC- Will++ Str+4 Int+6}
   (You found it in the Dungeon)

   [ring of intelligence]

   Str:       It affects your strength (+4).
   Int:       It affects your intelligence (+6).
   rC:        It makes you vulnerable to cold.
   Will:      It greatly increases your willpower.
 G - an amulet of faith
 H - an amulet of magic regeneration
 I - an amulet of guardian spirit
 J - the amulet "Fotzeig" (around neck) {RegenMP Will+}
   (You found it in the Dungeon)

   [amulet of magic regeneration]

   It increases your rate of magic regeneration.
   Will:      It increases your willpower.
Wands
 q - a wand of mindburst (7)
 r - a wand of iceblast (7)
 s - a wand of light (7)
Scrolls
 h - 4 scrolls of blinking
 l - 3 scrolls of brand weapon
 m - 4 scrolls of amnesia
 n - 7 scrolls of fog
 o - 5 scrolls of identify
 p - 2 scrolls of fear
Potions
 d - 6 potions of might
 e - 10 potions of curing
 f - 15 potions of heal wounds
 g - 7 potions of magic
 i - 2 potions of brilliance
 j - a potion of invisibility
 k - 4 potions of resistance
 D - a potion of degeneration {unknown}


   Skills:
 + Level 16.1 Fighting
 + Level 16.3 Axes
 + Level 16.2 Armour
 + Level 19.0 Shields


You had 11 spell levels left.
You didn't know any spells.
Your spell library contained the following spells:

 Spells                   Type           Power      Damage    Failure   Level
 Apportation              Tloc           0%         N/A       91%         1
 Summon Small Mammal      Summ           0%         N/A       91%         1
 Cigotuvi's Dreadful Rot  Necr/Pois/Air  0%         N/A       97%         2
 Poisonous Vapours        Pois/Air       0%         N/A       97%         2
 Wereblood                Tmut           0%         N/A       97%         2
 Call Canine Familiar     Summ           0%         N/A       99%         3
 Dazzling Flash           Conj/Hex       0%         N/A       99%         3
 Inner Flame              Hex/Fire       0%         N/A       99%         3
 Mephitic Cloud           Conj/Pois/Air  0%         N/A       99%         3
 Ozocubu's Armour         Ice            0%         N/A       99%         3
 Portal Projectile        Hex/Tloc       0%         N/A       99%         3
 Summon Guardian Golem    Hex/Summ       0%         N/A       99%         3
 Dispel Undead            Necr           0%         3d6       100%        4
 Flame Wave               Conj/Fire      0%         2d4       100%        4
 Fulminant Prism          Conj/Hex       0%         3d5       100%        4
 Petrify                  Tmut/Erth      0%         N/A       100%        4
 Sticky Flame             Conj/Fire      0%         2d3       100%        4
 Summon Ice Beast         Ice/Summ       0%         N/A       100%        4
 Agony                    Necr           0%         N/A       100%        5
 Alistair's Intoxication  Tmut/Pois      0%         N/A       100%        5
 Silence                  Hex/Air        0%         N/A       100%        5
 Summon Forest            Summ/Tloc      0%         N/A       100%        5
 Summon Mana Viper        Hex/Summ       0%         N/A       100%        5
 Yara's Violent Unravell  Hex/Tmut       0%         3d3       100%        5
 Conjure Ball Lightning   Conj/Air       0%         3x3d6     100%        6
 Death Channel            Necr           0%         N/A       100%        6
 Eringya's Noxious Bog    Tmut/Pois      0%         N/A       100%        6
 Statue Form              Tmut/Erth      0%         N/A       100%        6
 Monstrous Menagerie      Summ           0%         N/A       100%        7
 Ozocubu's Refrigeration  Ice            0%         4d7       100%        7
 Summon Hydra             Summ           0%         N/A       100%        7
 Discord                  Hex            0%         N/A       100%        8
 Disjunction              Tloc           0%         N/A       100%        8


Dungeon Overview and Level Annotations

Branches:
Dungeon (1/1)

Altars:
Ashenzari
Cheibriados
Dithmenos
Elyvilon
Fedhas
Gozag
Hepliaklqana
Kikubaaqudgha
Makhleb
Nemelex Xobeh
Okawaru
Qazlal
Ru
Sif Muna
Trog
Uskayaw
Vehumet
Wu Jian
Xom
Yredelemnul
Zin
The Shining One
Jiyva
Lugonu

Annotations:
D 1 transporter


Innate Abilities, Weirdness & Mutations

You cannot be hasted, slowed, berserked, paralysed or teleported.
You can dig through walls and to a lower floor.
You have a pair of large antennae on your head. (SInv)
Your four strong arms can wield two-handed weapons with a shield.


Message History

You are caught in a web!
The entropy weaver hits you but does no damage. x4
The demonic crawler hits you!
The demonic crawler hits you but does no damage.
The demonic crawler hits you. The emperor scorpion stings you!!
* * * LOW HITPOINT WARNING * * *
You are more poisoned.
The emperor scorpion poisons you!
The emperor scorpion claws you but does no damage.
The emperor scorpion claws you.
* * * LOW HITPOINT WARNING * * *
The steelbarb worm hits you!
* * * LOW HITPOINT WARNING * * *
Barbed spikes become lodged in your body.
Unknown command.
Unknown command.
Unknown command.
You feel much better.
Visions of slaying the jorogumo flood into your mind.
* * * LOW HITPOINT WARNING * * *
You feel extremely sick. The tarantella touches your ynoxinul!
Your ynoxinul dies!
Your ynoxinul disappears in a puff of smoke!
The jorogumo hits you but does no damage.
The emperor scorpion stings you but does no damage.
The emperor scorpion claws you but does no damage. x2
The steelbarb worm hits you!
* * * LOW HITPOINT WARNING * * *
Barbed spikes become lodged in your body.
The entropy weaver hits you but does no damage. x2
The entropy weaver barely misses you.
The entropy weaver hits you but does no damage.
The demonic crawler hits you but does no damage.
The demonic crawler hits you.
* * * LOW HITPOINT WARNING * * *
The demonic crawler hits you but does no damage.
The jorogumo casts a spell at you. The bolt of negative energy hits you!!
You partially resist.
You feel drained.
You die...

▓........▓
▓....8©8....▓........▓
▓..?[)[||[..▓.▓....▓.▓
▓...=):))|..▓...©....▓
▓...........▓▓▓▓▓▓▓▓▓▓
▓...........▓...8©8...
▓..§☼wy§....▓....)[...
▓..sssHy....▓.....|...
▓..sB@w☼....▓.........
▓..▓s§H§.▓..▓....†....
▓..§§§§§....▓.........
▓.....©.....▓.........
▓▓▓▓▓▓▓▓▓▓▓▓▓.▓.....▓.
▓....8©8{...▓....©....
▓.....[})4..▓▓▓▓▓▓▓▓▓▓
▓...)[[}[...▓...8©8...
▓...........▓..}).}[..


You could see an emperor scorpion (berserk), 2 jorogumos, an entropy weaver
(drained), 2 steelbarb worms, a demonic crawler, a moth of wrath, a hornet
(berserk) and 3 tarantellas.

Vanquished Creatures
  A nargun (D)
  A vampire knight (D)
  5 soul eaters (D)
  A skeletal warrior (D)
  A necromancer (D)
  A draconian (D)
  2 yaktaurs (D)
  2 merfolk (D)
  2 wind drakes (D)
  A slime creature (D)
  A spriggan (D)
  A shadow (D)
  A vampire (D)
  A golden eye (D)
  A redback (D)
  A floating eye (D)
  2 hell hounds (D)
  An orc warrior (D)
  4 black bears (D)
  2 centaurs (D)
  A necrophage (D)
  A crimson imp (D)
  2 jellies (D)
  2 orc priests (D)
  Crazy Yiuf (D)
  Jessica (D)
  2 orc wizards (D)
  A shadow imp (D)
  An ufetubus (D)
  An adder zombie (D)
  An adder simulacrum (D)
  2 ball python skeletons (D)
  A bat simulacrum (D)
  3 giant cockroach simulacra (D)
  2 quokka zombies (D)
  A spectral ball python (D)
55 creatures vanquished.

Vanquished Creatures (collateral kills)
  A shadow dragon (D)
  A necromancer (D)
  A draconian (D)
  A yaktaur (D)
  2 tormentors (D)
  3 slime creatures (D)
  Sigmund (D)
  A spriggan (D)
  A golden eye (D)
  An orc warrior (D)
  2 centaurs (D)
  Blork the orc (D)
  3 wights (D)
  2 orc wizards (D)
  An adder zombie (D)
  2 adder simulacra (D)
  3 orcs (D)
  A ball python zombie (D)
  A jackal skeleton (D)
  A jackal zombie (D)
  A quokka simulacrum (D)
  A spectral ball python (D)
  A spectral quokka (D)
33 creatures vanquished.

Grand Total: 88 creatures vanquished

Notes
Turn   | Place    | Note
-------+----------+-------------------------------------------
     0 | D        | nuthulu the Formicid Fighter began the quest for the Orb.
     0 | D        | Reached XP level 1. HP: 18/18 MP: 1/1
     0 | D        | Found a shimmering blue altar of Sif Muna.
     0 | D        | Found a sacrificial altar of Ru.
     0 | D        | Found a bloodstained altar of Trog.
     0 | D        | Found a stormy altar of Qazlal.
     0 | D        | Found an iron altar of Okawaru.
     0 | D        | Found a sparkling altar of Nemelex Xobeh.
     0 | D        | Found a blossoming altar of Fedhas.
     0 | D        | Found the +6 Majin-Bo {spellvamp, MP+6 Int+6}
     0 | D        | Found the +27 heavy crossbow "Sniper" {heavy, Acc+∞ SInv}
     0 | D        | Found the +10 dark maul {heavy}
     0 | D        | Found the +15 Maxwell's patent armour {-Cast -Tele rElec
                  | Will+ rCorr}
     0 | D        | Found the +18 shield of the Gong {Loud rN+ Will+ rCorr
                  | EV-5}
     0 | D        | Found the +16 obsidian axe {drain, demonic, Mesm Drain Fly
                  | SInv}
     0 | D        | Found the +7 great mace "Firestarter" {flame, inner flame,
                  | rFlCloud rF++}
     0 | D        | Found the +6 shillelagh "Devastator" {shatter}
     0 | D        | Found the +11 plutonium sword {Contam Stlth-}
     0 | D        | Found the +8 lance "Wyrmbane" {slay drac, rPois rF+ rC+
                  | AC+3}
     0 | D        | Found the +9 sword of Zonguldrok {reap}
     0 | D        | Found the +13 scythe of Curses {drain, curses, Drain}
     0 | D        | Found the +9 sword of Power {lifebolt}
     0 | D        | Found the +7 mace of Variability {chaos, chain chaos}
     0 | D        | Found the +11 Singing Sword {sonic wave}
     0 | D        | Found the +8 storm bow {elec, penet}
     2 | D        | Found a transporter.
     2 | D        | Found an ancient bone altar of Kikubaaqudgha.
     2 | D        | Found a viscous altar of Jiyva.
     2 | D        | Found a corrupted altar of Lugonu.
     2 | D        | Found a hazy altar of Hepliaklqana.
     2 | D        | Found a burning altar of Makhleb.
     2 | D        | Found an opulent altar of Gozag.
   120 | D        | Became a worshipper of the Wu Jian Council
   127 | D        | Reached XP level 2. HP: 24/24 MP: 2/2
   134 | D        | Entered arena 2.
   134 | D        | Noticed a draconian
   134 | D        | Noticed a draconian
   134 | D        | Found a transporter.
   140 | D        | Killed a draconian
   140 | D        | Killed a draconian
   141 | D        | Reached skill level 10 in Axes
   141 | D        | Reached skill level 10 in Shields
   141 | D        | Reached XP level 3. HP: 38/38 MP: 3/3
   141 | D        | Reached XP level 4. HP: 45/45 MP: 4/4
   141 | D        | Reached XP level 5. HP: 51/51 MP: 5/5
   141 | D        | Reached XP level 6. HP: 57/57 MP: 6/6
   141 | D        | Reached XP level 7. HP: 63/63 MP: 7/7
   141 | D        | Reached XP level 8. HP: 70/70 MP: 8/8
   147 | D        | Entered arena 3.
   147 | D        | Found a transporter.
   148 | D        | Reached * piety under Wu Jian
   161 | D        | Entered arena 4.
   161 | D        | Noticed Sigmund
   161 | D        | Noticed Jessica
   161 | D        | Noticed Blork the orc
   161 | D        | Noticed Crazy Yiuf
   161 | D        | Found a transporter.
   163 | D        | Killed Crazy Yiuf
   163 | D        | Reached ** piety under Wu Jian
   164 | D        | Killed Blork the orc
   165 | D        | Killed Jessica
   165 | D        | Killed Sigmund
   166 | D        | Reached skill level 11 in Shields
   180 | D        | Entered arena 5.
   180 | D        | Found a transporter.
   183 | D        | Reached *** piety under Wu Jian
   197 | D        | Entered arena 6.
   197 | D        | Noticed a yaktaur
   197 | D        | Noticed a yaktaur
   197 | D        | Noticed a yaktaur
   197 | D        | Found a transporter.
   200 | D        | Killed a yaktaur
   200 | D        | Reached **** piety under Wu Jian
   201 | D        | Reached skill level 10 in Fighting
   201 | D        | Reached skill level 10 in Armour
   201 | D        | Reached skill level 12 in Shields
   201 | D        | Reached XP level 9. HP: 79/79 MP: 9/9
   201 | D        | Killed a yaktaur
   201 | D        | Killed a yaktaur
   202 | D        | Reached skill level 13 in Shields
   209 | D        | Got the Compilation of Reformed Contaminants
   212 | D        | Entered arena 7.
   213 | D        | Found a transporter.
   214 | D        | Reached ***** piety under Wu Jian
   224 | D        | Got the ring of the Leaf {rC- Will++ Str+4 Int+6}
   232 | D        | Entered arena 8.
   232 | D        | Noticed a merfolk
   232 | D        | Noticed a merfolk
   232 | D        | Noticed a wind drake
   232 | D        | Noticed a wind drake
   233 | D        | Found a transporter.
   237 | D        | Reached skill level 14 in Shields
   237 | D        | Reached XP level 10. HP: 70/89 MP: 10/10
   240 | D        | Reached ****** piety under Wu Jian
   306 | D        | Entered arena 9.
   307 | D        | Found a transporter.
   327 | D        | Entered arena 10.
   328 | D        | Found a transporter.
   331 | D        | Reached skill level 15 in Shields
   352 | D        | Entered arena 11.
   353 | D        | Found a transporter.
   369 | D        | Got the Papyrus of Teratogeny
   371 | D        | Entered arena 12.
   371 | D        | Found the +12 glaive of Prune {freeze, Prune}
   371 | D        | Noticed a necromancer
   371 | D        | Noticed a skeletal warrior
   371 | D        | Noticed a necromancer
   371 | D        | Noticed a vampire knight
   374 | D        | Found a transporter.
   376 | D        | Killed a necromancer
   377 | D        | Reached skill level 16 in Shields
   377 | D        | Reached XP level 11. HP: 73/99 MP: 11/11
   379 | D        | Killed a skeletal warrior
   383 | D        | Killed a necromancer
   386 | D        | Killed a vampire knight
   387 | D        | Reached skill level 15 in Axes
   387 | D        | Reached skill level 17 in Shields
   471 | D        | Entered arena 13.
   471 | D        | Noticed a nargun
   476 | D        | Found a transporter.
   483 | D        | Killed a nargun
   484 | D        | Reached skill level 15 in Fighting
   484 | D        | Reached skill level 15 in Armour
   632 | D        | Got the Grimoire of Beguiling
   640 | D        | Entered arena 14.
   641 | D        | Noticed a soul eater
   641 | D        | Noticed a soul eater
   642 | D        | Noticed a soul eater
   642 | D        | Noticed a shadow dragon
   642 | D        | Noticed a soul eater
   642 | D        | Noticed a soul eater
   643 | D        | Found a transporter.
   648 | D        | Killed a soul eater
   654 | D        | Killed a soul eater
   655 | D        | Reached skill level 18 in Shields
   659 | D        | Killed a shadow dragon
   660 | D        | Reached XP level 12. HP: 69/111 MP: 12/12
   660 | D        | Killed a soul eater
   661 | D        | Killed a soul eater
   661 | D        | Killed a soul eater
   754 | D        | Got the amulet "Fotzeig" {RegenMP Will+}
   773 | D        | Entered arena 15.
   774 | D        | Noticed an emperor scorpion
   774 | D        | Noticed a jorogumo
   774 | D        | Noticed a jorogumo
   775 | D        | Noticed an entropy weaver
   776 | D        | Found a transporter.
   778 | D        | Reached skill level 19 in Shields
   783 | D        | Killed from afar by a jorogumo

Illustrated notes

Levels and vault maps discovered:
D:        sprint_v [room_start, room_1, room_2, room_3, room_4, room_5, room_6,
          room_7, room_8, room_9, room_10, room_11, room_12, room_13, room_14,
          room_15, room_16, room_17, room_18, room_19, room_20, room_21,
          room_22, room_23, room_24, room_25, room_26, room_27]

Skill      XL: |  1  2  3  4  5  6  7  8  9 10 11 12 |
---------------+-------------------------------------+-----
Axes           | 7 10 11 12 14 15 16 | 16.3
Fighting       | 8 10 11 13 15 16 | 16.1
Armour         | 8 10 11 13 15 16 | 16.2
Shields        | 10 12 14 16 18 19 | 19.0

Action                     |  1- 3 |  4- 6 |  7- 9 | 10-12 || total
---------------------------+-------+-------+-------+-------++-------
  Melee: Broad axe         |     5 |       |    19 |    62 ||    86
 Invoke: Heavenly Storm    |       |       |       |     3 ||     3
Ability: Lunge             |       |       |     4 |     6 ||    10
         Whirlwind         |       |       |       |     1 ||     1
    Use: Potion            |     2 |       |       |     3 ||     5
   Stab: Invisible         |     3 |       |     1 |       ||     4
         Distracted        |       |       |       |     5 ||     5
 Armour: Plate armour      |       |       |     5 |    68 ||    73
  Dodge: Dodged            |       |       |       |     7 ||     7
  Block: Kite shield       |     8 |       |    21 |    88 ||   117

Table legend: (Time is in decaauts)
 A = Elapsed time spent in this place.
 B = Non-inter-level travel time spent in this place.
 C = Inter-level travel time spent in this place.
 D = Time resting spent in this place.
 E = Time spent auto-exploring this place.
 F = Levels seen in this place.
 G = Mean time per level.
                   A        B        C        D        E       F      G
               +--------+--------+--------+--------+--------+-----+--------+
         Total |    780 |    780 |      0 |    331 |      0 |   1 |  780.0 |
       Dungeon |    780 |    780 |      0 |    331 |      0 |   1 |  780.0 |
               +--------+--------+--------+--------+--------+-----+--------+

Top non-repeatable levels by time:
       D: 780 daAuts
